 Dungeon Crawl Stone Soup version 0.28-a0-983-g1de4e0787c (console) character file.

Game seed: 134240031002344349

35 petzl the Vexing (level 3, -3/23 HPs)
             Began as an Octopode Arcane Marksman on Dec 2, 2021.
             Slain by a gnoll (8 damage)
             ... on level 1 of the Dungeon.
             The game lasted 00:01:20 (811 turns).

petzl the Vexing (Octopode Arcane Marksman)          Turns: 811, Time: 00:01:20

Health: -3/23      AC:  1    Str:  9    XL:     3   Next: 35%
Magic:  5/5        EV: 13    Int: 17    God:
Gold:   41         SH:  0    Dex: 12    Spells: 4/5 levels left

rFire   . . .      SeeInvis .   a - +0 hand crossbow
rCold   . . .      Faith    .   (no shield)
rNeg    . . .      Spirit   .   (helmet restricted)
rPois   .          Reflect  .   (no amulet)
rElec   .          Harm     .   (no ring)
rCorr   .          Rampage  .   (no ring)
Will    .....                   (no ring)
Stlth   +++.......              (no ring)
HPRegen 0.07/turn               (no ring)
MPRegen 0.09/turn               (no ring)
                                (no ring)
                                (no ring)

@: no status effects
A: almost no armour, amphibious, 8 rings, camouflage 1, gelatinous body 1,
(nimble swimmer 1), tentacles
a: no special abilities


You were on level 1 of the Dungeon.
You visited 1 branch of the dungeon, and saw 1 of its levels.

You collected 41 gold pieces.

Inventory:

Hand Weapons
 a - a +0 hand crossbow (weapon)
Missiles
 c - 33 bolts (quivered ammo)
Potions
 b - a potion of haste {unknown}
 d - a potion of flight {unknown}


   Skills:
 + Level 1.6 Fighting
 + Level 2.4 Crossbows
 + Level 2.3 Dodging
 + Level 1.5 Stealth
 + Level 1.5 Spellcasting
 - Level 3.0 Hexes


You had 4 spell levels left.
You knew the following spells:

 Your Spells              Type           Power      Damage    Failure   Level
a - Slow                  Hex            44%        N/A       6%          1

Your spell library contained the following spells:

 Spells                   Type           Power      Damage    Failure   Level
 Inner Flame              Hex/Fire       6%         N/A       32%         3
 Portal Projectile        Hex/Tloc       12%        N/A       32%         3
 Cause Fear               Hex            5%         N/A       52%         4


Dungeon Overview and Level Annotations

Branches:
Dungeon (1/15)

Altars:


Innate Abilities, Weirdness & Mutations

You cannot wear most types of armour.
You are amphibious.
You can wear up to eight rings at the same time.
Your skin changes colour to match your surroundings (Stealth+).
Your rubbery body absorbs attacks. (AC +1, EV +1)
((You are camouflaged near water. (Stealth+)))
You have tentacles for arms and can constrict up to eight enemies at once.


Message History

No target in view!
No target in view!
No target in view!
There is an open door here.
You now have 41 gold pieces (gained 7).
c - 40 bolts (gained 1)
c - 41 bolts (gained 1)
A kobold comes into view. It is wielding a +0 short sword.
A kobold is nearby!
A kobold is nearby!
A kobold is nearby!
A kobold is nearby!
You shoot a bolt. The bolt hits the kobold.
You kill the kobold!
No target in view!
No target in view!
No target in view!
No target in view!
A gnoll comes into view. It is wielding a +0 whip.
Items here: (( ) †.
A gnoll is nearby!
A gnoll is nearby!
A gnoll is nearby!
A gnoll is nearby!
You shoot a bolt.
The bolt hits the gnoll but does no damage.
The gnoll shouts!
You shoot a bolt. The bolt hits the gnoll!
The gnoll is severely wounded.
You shoot a bolt. The bolt hits the gnoll.
The gnoll is almost dead.
You shoot a bolt. The bolt hits the gnoll.
The gnoll is almost dead.
The gnoll hits you with a +0 whip.
You shoot a bolt. The bolt closely misses the gnoll.
The gnoll misses you.
You shoot a bolt. The bolt barely misses the gnoll.
The gnoll hits you with a +0 whip.
You shoot a bolt. The bolt barely misses the gnoll.
The gnoll hits you with a +0 whip!
* * * LOW HITPOINT WARNING * * *
The gnoll hits you with a +0 whip!
You die...

...............#.....................#
..#......#.#....#.#.#.#†#.#.#.#.#.#.##
..########.#####............†........#
..'.............#>#.#.#.#.#.#.#.#.#.##
..########.########.#..#.#.#######.#.#
.........#.# #.##.#.#.# #.#.#
########.#.# #.##.#.#.# #...# #.#.#
#.##.#.#.# ##### #.#.# #.##.#...#
#.#.# #.##.##### #.#.# #.##...# #...#
#.####.#
###################.####.#######
................................
.###..8############.####.######. .#
#..............#.# #.# .#
#..8##...#####.#.# #.# .#######.....#
#.#.####.##### .....####.<.##
#.#.##..@....# ..##..##.....#
#.#.##...g...#
...#..8##...#####.#.##....(..#
#.................# #.....(.#
...#..8############ #.......#
....#...... #.......(. ......#####
#.......### ..#...# #.......# ..##..#
..##..# ..##.># ..# #.# ###


You could see a gnoll.

Vanquished Creatures
  3 endoplasms (D:1)
  A giant cockroach (D:1)
  2 hobgoblins (D:1)
  3 quokkas (D:1)
  9 ball pythons (D:1)
  4 bats (D:1)
  4 kobolds (D:1)
  5 rats (D:1)
31 creatures vanquished.

Vanquished Creatures (others)
  A fungus (D:1)
1 creature vanquished.

Grand Total: 32 creatures vanquished

Notes
Turn   | Place    | Note
-------+----------+-------------------------------------------
     0 | D:1      | petzl the Octopode Arcane Marksman began the quest for the
                  | Orb.
     0 | D:1      | Reached XP level 1. HP: 13/13 MP: 2/2
   256 | D:1      | Reached XP level 2. HP: 18/18 MP: 3/3
   308 | D:1      | Reached skill level 1 in Stealth
   526 | D:1      | Reached XP level 3. HP: 23/23 MP: 5/5
   811 | D:1      | Slain by a gnoll

Illustrated notes

Levels and vault maps discovered:
D:1:      psy_arrival_basics, layout_basic,
          shapermc_ecumenical_altar_mp_urbaneastern, st_stairs_13,
          minmay_misc_feat_secret_circle

Skill      XL: |  1  2 |
---------------+-------+-----
Stealth        | 1 |  1.5
Fighting       | |  1.6
Crossbows      | |  2.4
Dodging        | |  2.3
Spellcasting   | |  1.5
Hexes          | |  3.0

Action                   || total
-------------------------++-------
 Fire: Hand crossbow     ||    52
Armor: Skin              ||     2
Dodge: Dodged            ||     6

Table legend: (Time is in decaauts)
 A = Elapsed time spent in this place.
 B = Non-inter-level travel time spent in this place.
 C = Inter-level travel time spent in this place.
 D = Time resting spent in this place.
 E = Time spent auto-exploring this place.
 F = Levels seen in this place.
 G = Mean time per level.
                   A        B        C        D        E       F      G
               +--------+--------+--------+--------+--------+-----+--------+
         Total |    830 |    830 |      0 |    188 |    474 |   1 |  830.0 |
       Dungeon |    830 |    830 |      0 |    188 |    474 |   1 |  830.0 |
               +--------+--------+--------+--------+--------+-----+--------+

Top non-repeatable levels by time:
     D:1: 830 daAuts
